AoeStats
← CrazyBen

Arena

506660414Analyzed
4v4 RM · 18d ago on Sep 14, 2026· 46m 14s· 8 players
Game mode
Random Map
Map size
Large (8 player)
Population
200
Speed
Normal
Resources
Standard
Victory
Conquest
Starting age
Dark Age
Ending age
Imperial Age
RankedLock teamsTeams togetherTeam positionsShared explorationLock speedFull tech treeHidden civsTurbo modeCheats
Victory
Defeat
🇨🇿 Cumans · Czechia
1479
+15
🇩🇰 Portuguese · Denmark
1472
+15
🇫🇷 Teutons · France
1439
+16
🇨🇴 Bulgarians · Colombia
1425
+17
🇫🇷 Japanese · France
1501
-18
🇨🇳 Celts · China
1435
-15
🇨🇳 Burmese · China
1426
-15
🇨🇳 Magyars · China
1422
-15
XbugX
10:41 Feudal Age
12:15 Double-Bit Axe
14:41 Castle Age
13:54 Horse Collar
15:56 Bow Saw
20:02 Loom
20:54 Wheelbarrow
20:09 Town Watch
22:22 Heavy Plow
24:10 Careening
26:39 Imperial Age
23:58 Pikeman
24:38 Squires
24:03 Man-at-Arms
24:28 Gambesons
24:44 Squires
24:40 Long Swordsman
25:58 Scale Barding Armor
25:56 Scale Mail Armor
26:32 Chain Mail Armor
26:27 Forging
26:05 Arson
26:41 Two-Handed Swordsman
28:38 Two-Man Saw
29:36 Chemistry
28:20 Champion
30:51 Plate Mail Armor
31:17 Conscription
34:16 Iron Casting
37:01 Blast Furnace
36:07 Scale Barding Armor
36:29 Crenellations
37:04 Fletching
38:23 Ballistics
38:01 Bodkin Arrow
38:00 Pikeman
40:44 Fortified Wall
42:10 Coinage
41:11 Halberdier
41:53 Padded Archer Armor
42:15 Chain Barding Armor
43:27 Plate Barding Armor
43:29 Banking
43:17 Masonry
43:43 Hoardings
45:06 Elite Teutonic Knight
Lord Longshaft
11:26 Feudal Age
12:07 Double-Bit Axe
12:05 Horse Collar
15:32 Castle Age
14:07 Gold Mining
17:14 Bow Saw
17:57 Loom
19:35 Sanctity
22:44 Redemption
27:12 Wheelbarrow
27:41 Fervor
27:48 Town Watch
34:12 Imperial Age
33:59 Fletching
35:19 Block Printing
36:30 Chemistry
36:24 Bodkin Arrow
37:47 Arquebus
40:34 Siege Engineers
42:30 Bombard Tower
43:04 Ballistics
42:40 Murder Holes
42:47 Bracer
43:47 Padded Archer Armor
44:53 Leather Archer Armor
45:09 Masonry
46:35 Hand Cart
FilmDirector
8:34 Feudal Age
9:06 Double-Bit Axe
19:36 Castle Age
17:52 Horse Collar
18:55 Scale Barding Armor
19:00 Forging
18:48 Gold Mining
20:40 Bloodlines
20:54 Bow Saw
21:24 Chain Barding Armor
23:04 Iron Casting
24:41 Gold Shaft Mining
37:21 Imperial Age
34:45 Loom
34:45 Town Watch
35:36 Wheelbarrow
37:26 Cavalier
38:58 Plate Barding Armor
39:15 Paladin
42:01 Blast Furnace
40:52 Fletching
Sebasky
9:10 Feudal Age
8:32 Loom
14:00 Fletching
21:55 Double-Bit Axe
25:54 Horse Collar
28:14 Castle Age
28:49 Wheelbarrow
30:59 Bow Saw
33:28 Bodkin Arrow
38:39 Imperial Age
36:48 Hand Cart
36:28 Town Watch
36:58 Stone Mining
37:00 Gold Mining
37:16 Guard Tower
38:06 Heavy Plow
39:57 Capped Ram
40:38 Siege Ram
42:29 Chemistry
41:31 Bracer
42:11 Caravan
44:47 Scale Mail Armor
44:57 Forging
45:26 Ballistics
45:18 Masonry
46:17 Keep
45:59 Chain Mail Armor
46:19 Iron Casting
46:46 Coinage
CrazyBen
10:50 Feudal Age
10:54 Feudal Age
12:00 Double-Bit Axe
12:16 Horse Collar
14:54 Castle Age
15:51 Bow Saw
15:42 Heavy Plow
22:00 Loom
22:50 Wheelbarrow
23:11 Fletching
25:25 Hand Cart
26:53 Pikeman
27:33 Squires
30:36 Imperial Age
28:11 Scale Mail Armor
28:46 Forging
30:48 Bodkin Arrow
30:49 Guard Tower
31:10 Murder Holes
30:42 Halberdier
32:11 Ballistics
32:02 Yasama
32:04 Gambesons
31:40 Man-at-Arms
32:43 Bracer
33:29 Long Swordsman
34:26 Chain Mail Armor
34:15 Two-Handed Swordsman
35:33 Iron Casting
35:06 Champion
38:07 Plate Mail Armor
40:14 Fortified Wall
41:05 Chemistry
泼水爱好者
10:55 Feudal Age
15:02 Castle Age
13:31 Horse Collar
16:05 Double-Bit Axe
19:54 Husbandry
23:11 Wheelbarrow
23:15 Scale Barding Armor
25:31 Heavy Plow
25:44 Town Watch
26:51 Bow Saw
28:23 Hand Cart
31:10 Imperial Age
28:29 Loom
29:49 Devotion
30:06 Gold Mining
30:59 Bloodlines
31:11 Chain Barding Armor
31:50 Gold Shaft Mining
30:45 Light Cavalry
31:12 Cavalier
32:30 Plate Barding Armor
32:15 Stone Mining
33:58 Paladin
43:29 Two-Man Saw
king_of_tc_drop
10:47 Feudal Age
14:40 Castle Age
13:08 Double-Bit Axe
14:03 Horse Collar
14:47 Town Watch
35:55 Imperial Age
34:01 Heavy Plow
33:40 Pikeman
34:46 Bow Saw
34:38 Scale Mail Armor
35:41 Forging
35:50 Chain Mail Armor
36:18 Halberdier
37:39 Plate Mail Armor
37:19 Forging
42:12 Iron Casting
41:31 Stronghold
45:36 Blast Furnace
Tachibana Kanade
11:30 Feudal Age
12:43 Loom
13:30 Fletching
23:39 Gold Mining
29:41 Castle Age
Connection lost

Rejoining the realm…

Still unreachable

The connection could not be restored.

Session expired

The server has moved on; the page needs a fresh start.